Nashville Predators vs Vancouver Canucks
Created - Sunday, May 5, 2024 at 08:10
Goals
|
| Nashville Predators |
1 |
1 |
2 |
4 |
| Vancouver Canucks |
0 |
1 |
1 |
2 |
|
Shots
|
| Nashville Predators |
6 |
17 |
10 |
33 |
| Vancouver Canucks |
18 |
14 |
11 |
43 |
|
1st period
1. Nashville Predators , Sam Gagner 13 (Kevin Labanc 15, Morgan Frost 29) at 13:31
Penalties :
Patrick Maroon (NSH) for Hooking (Minor) at 3:53, Sam Gagner (NSH) for Tripping (Minor) at 15:36
2nd period
2. Nashville Predators , Kevin Labanc 11 (Morgan Frost 30, Sam Gagner 29) at 14:56
3. Vancouver Canucks , Aleksander Barkov 26 (Clayton Keller 21, Casey Mittelstadt 23) at 17:13
Penalties :
Robby Fabbri (VAN) for Roughing (Minor) at 9:14, Patrick Maroon (NSH) for Hooking (Minor) at 19:17
3rd period
4. Vancouver Canucks , Noah Hanifin 6 (Mikko Rantanen 27, Clayton Keller 22) at 0:10 (PP)
5. Nashville Predators , Sam Gagner 14 (Morgan Frost 31, Alex Newhook 13) at 7:06 (PP)
6. Nashville Predators , Jakub Voracek 27 (Thomas Novak 26) at 16:24
Penalties :
Mikko Rantanen (VAN) for Boarding (Minor) at 7:03, Brett Leason (NSH) for Hooking (Minor) at 11:42, Henri Jokiharju (NSH) for Slashing (Minor) at 18:27, Morgan Frost (NSH) for Tripping (Minor) at 19:17
Goalie Stats
Kevin Lankinen (NSH), 18 saves from 18 shots - (1.000), 19:14 minutes
Adin Hill (NSH), 23 saves from 25 shots - (0.920), W, 14-14-3, 40:46 minutes
Joonas Korpisalo (VAN), 29 saves from 33 shots - (0.879), L, 19-18-2, 60:00 minutes
Players Stats for Nashville Predators
Player Name G A P +/- PIM S H SB GA TA FO MP PP MP PK MP
------------------------------------------------------------------------------------
Alex Newhook 0 1 1 0 0 2 0 0 0 0 1/2 20:33 1:02 4:23
Alexander Alexeyev 0 0 0 1 0 1 0 0 0 1 0/0 21:32 0:42 4:51
Brett Leason 0 0 0 0 2 0 0 0 0 0 0/0 7:52 0:00 0:00
Corey Perry 0 0 0 0 0 3 3 0 0 0 4/14 13:09 0:00 0:00
Henri Jokiharju 0 0 0 2 2 0 3 1 0 1 0/0 21:58 1:20 3:24
Jacob Peterson 0 0 0 1 0 5 3 0 2 0 0/0 18:42 1:00 3:36
Jakub Voracek 1 0 1 1 0 3 0 0 0 0 0/2 15:39 1:00 0:00
Justin Braun 0 0 0 1 0 4 0 1 0 0 0/0 17:05 0:00 0:07
Kevin Labanc 1 1 2 1 0 2 3 0 0 0 1/1 12:20 0:00 0:00
Markus Niemelainen 0 0 0 -1 0 0 1 1 0 3 0/0 19:38 0:42 3:33
Morgan Frost 0 3 3 1 2 3 3 0 0 0 6/13 18:40 1:02 4:03
Nate Schmidt 0 0 0 2 0 1 1 4 0 2 0/0 24:35 1:20 4:49
Oliver Kylington 0 0 0 -1 0 0 0 1 0 0 0/0 15:11 0:00 0:00
Patrick Maroon 0 0 0 0 4 0 2 0 1 0 0/4 8:25 0:00 0:00
Ryan Carpenter 0 0 0 0 0 3 3 0 1 0 2/9 11:52 0:00 3:59
Sam Gagner 2 1 3 1 2 5 1 0 1 0 1/1 14:58 1:02 0:00
Thomas Novak 0 1 1 1 0 0 0 0 0 0 14/25 15:32 1:00 0:00
Zemgus Girgensons 0 0 0 0 0 1 0 1 1 1 0/0 13:09 0:00 0:00
Players Stats for Vancouver Canucks
Player Name G A P +/- PIM S H SB GA TA FO MP PP MP PK MP
------------------------------------------------------------------------------------
Adam Boqvist 0 0 0 -1 0 0 0 0 0 0 0/0 15:38 0:00 0:00
Aleksander Barkov 1 0 1 1 0 7 0 3 3 1 22/33 20:22 3:54 1:02
Anton Lundell 0 0 0 -1 0 0 0 0 0 0 0/1 7:42 0:00 0:00
Artturi Lehkonen 0 0 0 -2 0 4 1 0 1 0 0/0 19:37 4:28 1:00
Casey Mittelstadt 0 1 1 0 0 3 1 1 1 0 4/5 18:05 4:28 0:00
Chad Ruhwedel 0 0 0 -2 0 3 2 2 0 2 0/0 22:14 5:02 1:01
Clayton Keller 0 2 2 0 0 4 0 0 1 0 0/2 20:46 3:54 1:00
Jacob Bryson 0 0 0 -2 0 1 1 0 0 0 0/0 22:14 5:02 1:01
Jesperi Kotkaniemi 0 0 0 0 0 1 1 0 1 0 10/10 12:36 0:00 0:00
Justin Schultz 0 0 0 1 0 0 0 1 0 0 0/0 12:00 0:00 0:00
Kasperi Kapanen 0 0 0 -1 0 3 2 0 0 0 0/1 18:24 4:28 0:00
Mikko Rantanen 0 1 1 1 2 6 3 0 0 0 1/1 20:26 3:54 1:02
Miro Heiskanen 0 0 0 -1 0 2 0 1 0 1 0/0 25:46 3:20 1:01
Noah Cates 0 0 0 -1 0 1 3 0 0 0 1/2 7:15 0:00 0:00
Noah Hanifin 1 0 1 1 0 1 1 0 0 0 0/0 22:08 3:20 1:01
Robby Fabbri 0 0 0 -2 2 4 2 1 0 2 4/14 12:52 0:00 0:00
Sam Lafferty 0 0 0 -1 0 0 0 0 1 0 0/0 7:15 0:00 0:00
Taylor Raddysh 0 0 0 0 0 3 0 0 0 0 0/2 12:36 0:00 0:00
3 Stars
1 - Sam Gagner (NSH)
2 - Kevin Labanc (NSH)
3 - Morgan Frost (NSH)
Power Play
Nashville Predators - 1 on 2 Attempt(s) - 50.00%
Vancouver Canucks - 1 on 6 Attempt(s) - 16.67%
Penalty Kill
Nashville Predators - 5 on 6 Attempt(s) - 83.33%
- Score 0 goal in Penalty Kill
Vancouver Canucks - 1 on 2 Attempt(s) - 50.00%
- Score 0 goal in Penalty Kill
Team Stat
Nashville Predators - Hits : 23 - Faceoff Wins : 29 - Blocked Shots : 9 - Penalty Minutes : 12
Vancouver Canucks - Hits : 17 - Faceoff Wins : 42 - Blocked Shots : 9 - Penalty Minutes : 4
Official
Referees : Ian Walsh and Francis Charron
Linesman : Unknown
Game Notes
Kevin Lankinen is injured at 19:14 of 1st period (Sore Left Knee)
Adin Hill enters game at 19:14 of 1st period
Finance
Level 1 -- Attendance: 4366 (72.77%) -- Ticket Income $432,234
Level 2 -- Attendance: 4031 (80.62%) -- Ticket Income $237,829
Level 3 -- Attendance: 2334 (77.80%) -- Ticket Income $79,356
Level 4 -- Attendance: 3898 (77.96%) -- Ticket Income $93,552
Luxury Box -- Attendance: 754 (75.40%) -- Ticket Income $150,046
Game was played at the Rogers Arena.
Total Attendance: 15383 (76.92%)
Total Ticket Income: $993,017
Other Income: $347,556
Total Income: $1,340,573
Nashville Predators
5 vs 5 Forward
Center Left Wing Right Wing Time % Phy DF OF
1 Thomas Novak Jacob Peterson Jakub Voracek 30 1 2 2
2 Morgan Frost Kevin Labanc Sam Gagner 30 1 2 2
3 Corey Perry Alex Newhook Zemgus Girgensons 25 1 2 2
4 Patrick Maroon Ryan Carpenter Brett Leason 15 1 2 2
5 vs 5 Defense
Defense Defense Time % Phy DF OF
1 Henri Jokiharju Nate Schmidt 35 1 2 2
2 Justin Braun Alexander Alexeyev 35 1 2 2
3 Markus Niemelainen Oliver Kylington 30 1 2 2
4 Henri Jokiharju Nate Schmidt 0 1 2 2
PowerPlay Forward
Center Left Wing Right Wing Time % Phy DF OF
1 Thomas Novak Jacob Peterson Jakub Voracek 50 1 2 2
2 Morgan Frost Alex Newhook Sam Gagner 50 1 2 2
PowerPlay Defense
Defense Defense Time % Phy DF OF
1 Nate Schmidt Henri Jokiharju 50 1 2 2
2 Markus Niemelainen Alexander Alexeyev 50 1 2 2
Penalty Kill 4 Players Forward
Center Wing Time % Phy DF OF
1 Ryan Carpenter Jacob Peterson 50 1 2 2
2 Morgan Frost Alex Newhook 50 1 2 2
Penalty Kill 4 Players Defense
Defense Defense Time % Phy DF OF
1 Henri Jokiharju Nate Schmidt 50 1 2 2
2 Alexander Alexeyev Markus Niemelainen 50 1 2 2
Penalty Kill - 3 Players Forward
Forward Time % Phy DF OF
1 Ryan Carpenter 50 1 2 2
2 Morgan Frost 50 1 2 2
Penalty Kill - 3 Players Defense
Defense Defense Time % Phy DF OF
1 Henri Jokiharju Nate Schmidt 50 1 2 2
2 Markus Niemelainen Alexander Alexeyev 50 1 2 2
4 vs 4 Forward
Center Wing Time % Phy DF OF
1 Thomas Novak Jacob Peterson 50 1 2 2
2 Morgan Frost Sam Gagner 50 1 2 2
4 vs 4 Defense
Defense Defense Time % Phy DF OF
1 Henri Jokiharju Nate Schmidt 50 1 2 2
2 Alexander Alexeyev Markus Niemelainen 50 1 2 2
Last Minutes Offensive
Center Left Wing Right Wing Defense Defense
Thomas Novak Jacob Peterson Kevin Labanc Nate Schmidt Henri Jokiharju
Last Minutes Defensive
Center Left Wing Right Wing Defense Defense
Morgan Frost Corey Perry Ryan Carpenter Henri Jokiharju Nate Schmidt
Goaltenders
Starting : Kevin Lankinen
Backup : Adin Hill
Extra Forwards
Normal : Thomas Novak, Sam Gagner, Morgan Frost - PP : Sam Gagner, Alex Newhook - PK : Morgan Frost
Extra Defensemen
Normal : Henri Jokiharju, Markus Niemelainen, Nate Schmidt - PP : Markus Niemelainen - PK : Alexander Alexeyev, Markus Niemelainen
Penalty Shots
Jacob Peterson, Jakub Voracek, Kevin Labanc, Morgan Frost, Thomas Novak
Vancouver Canucks
5 vs 5 Forward
Center Left Wing Right Wing Time % Phy DF OF
1 Aleksander Barkov Clayton Keller Mikko Rantanen 30 1 2 2
2 Robby Fabbri Artturi Lehkonen Kasperi Kapanen 30 1 2 2
3 Jesperi Kotkaniemi Casey Mittelstadt Taylor Raddysh 25 1 2 2
4 Noah Cates Anton Lundell Sam Lafferty 15 1 2 2
5 vs 5 Defense
Defense Defense Time % Phy DF OF
1 Adam Boqvist Miro Heiskanen 30 1 2 2
2 Noah Hanifin Justin Schultz 30 1 2 2
3 Chad Ruhwedel Jacob Bryson 25 1 2 2
4 Noah Hanifin Miro Heiskanen 15 1 2 2
PowerPlay Forward
Center Left Wing Right Wing Time % Phy DF OF
1 Aleksander Barkov Clayton Keller Mikko Rantanen 50 1 2 2
2 Casey Mittelstadt Artturi Lehkonen Kasperi Kapanen 50 1 2 2
PowerPlay Defense
Defense Defense Time % Phy DF OF
1 Noah Hanifin Miro Heiskanen 50 1 2 2
2 Chad Ruhwedel Jacob Bryson 50 1 2 2
Penalty Kill 4 Players Forward
Center Wing Time % Phy DF OF
1 Aleksander Barkov Mikko Rantanen 50 1 2 2
2 Clayton Keller Artturi Lehkonen 50 1 2 2
Penalty Kill 4 Players Defense
Defense Defense Time % Phy DF OF
1 Noah Hanifin Miro Heiskanen 50 1 2 2
2 Chad Ruhwedel Jacob Bryson 50 1 2 2
Penalty Kill - 3 Players Forward
Forward Time % Phy DF OF
1 Aleksander Barkov 50 1 2 2
2 Mikko Rantanen 50 1 2 2
Penalty Kill - 3 Players Defense
Defense Defense Time % Phy DF OF
1 Noah Hanifin Miro Heiskanen 50 1 2 2
2 Chad Ruhwedel Adam Boqvist 50 1 2 2
4 vs 4 Forward
Center Wing Time % Phy DF OF
1 Aleksander Barkov Mikko Rantanen 50 1 2 2
2 Clayton Keller Artturi Lehkonen 50 1 2 2
4 vs 4 Defense
Defense Defense Time % Phy DF OF
1 Noah Hanifin Miro Heiskanen 50 1 2 2
2 Chad Ruhwedel Justin Schultz 50 1 2 2
Last Minutes Offensive
Center Left Wing Right Wing Defense Defense
Aleksander Barkov Clayton Keller Mikko Rantanen Noah Hanifin Miro Heiskanen
Last Minutes Defensive
Center Left Wing Right Wing Defense Defense
Aleksander Barkov Clayton Keller Mikko Rantanen Noah Hanifin Miro Heiskanen
Goaltenders
Starting : Joonas Korpisalo
Backup : Ville Husso
Extra Forwards
Normal : Taylor Raddysh, Anton Lundell, Jesperi Kotkaniemi - PP : Taylor Raddysh, Anton Lundell - PK : Jesperi Kotkaniemi
Extra Defensemen
Normal : Miro Heiskanen, Jacob Bryson, Chad Ruhwedel - PP : Noah Hanifin - PK : Jacob Bryson, Chad Ruhwedel
Penalty Shots
Aleksander Barkov, Mikko Rantanen, Clayton Keller, Artturi Lehkonen, Casey Mittelstadt
% Time on Ice - Nashville Predators
Lines # - Real PCT - Wanted PCT - Time Play
Normal Forward
1 - 29% - 30% - 14:24
2 - 29% - 30% - 14:10
3 - 27% - 25% - 13:09
4 - 16% - 15% - 7:53
Normal Defense
1 - 34% - 35% - 17:03
2 - 35% - 35% - 17:22
3 - 31% - 30% - 15:11
4 - 0% - 0% - 0:00
PP Forward
1 - 49% - 50% - 1:00
2 - 51% - 50% - 1:02
PP Defense
1 - 66% - 50% - 1:20
2 - 34% - 50% - 0:42
PK Forward
1 - 47% - 50% - 3:36
2 - 53% - 50% - 4:04
PK Defense
1 - 55% - 50% - 4:14
2 - 45% - 50% - 3:26
PK3 Forward
1 - 55% - 50% - 0:23
2 - 45% - 50% - 0:19
PK3 Defense
1 - 100% - 50% - 0:42
2 - 0% - 50% - 0:00
44 Forward
1 - 0% - 50%
2 - 0% - 50%
44 Defense
1 - 0% - 50%
2 - 0% - 50%
Last Minute Offensive - 0:00
Last Minute Defensive - 0:00
Total
Forward - 60:00
Defense - 60:00
|
% Time on Ice - Vancouver Canucks
Lines # - Real PCT - Wanted PCT - Time Play
Normal Forward
1 - 31% - 30% - 15:26
2 - 30% - 30% - 14:38
3 - 25% - 25% - 12:17
4 - 15% - 15% - 7:15
Normal Defense
1 - 29% - 30% - 14:36
2 - 29% - 30% - 14:28
3 - 26% - 25% - 13:04
4 - 15% - 15% - 7:28
PP Forward
1 - 47% - 50% - 3:54
2 - 53% - 50% - 4:28
PP Defense
1 - 40% - 50% - 3:20
2 - 60% - 50% - 5:02
PK Forward
1 - 51% - 50% - 1:02
2 - 49% - 50% - 1:00
PK Defense
1 - 50% - 50% - 1:01
2 - 50% - 50% - 1:01
PK3 Forward
1 - 0% - 50%
2 - 0% - 50%
PK3 Defense
1 - 0% - 50%
2 - 0% - 50%
44 Forward
1 - 0% - 50%
2 - 0% - 50%
44 Defense
1 - 0% - 50%
2 - 0% - 50%
Last Minute Offensive - 0:00
Last Minute Defensive - 0:00
Total
Forward - 60:00
Defense - 60:00
|
Play-by-Play
1st period
0:01 of 1st period - Thomas Novak wins face-off versus Aleksander Barkov in neutral zone.
0:06 of 1st period - Snap shot by Thomas Novak.
0:06 of 1st period - Shot Misses the Net.
0:46 of 1st period - Kasperi Kapanen is hit by Sam Gagner and loses puck.
1:05 of 1st period - Miro Heiskanen is hit by Nate Schmidt.
1:43 of 1st period - Slapshot by Robby Fabbri.
1:43 of 1st period - Shot Blocked by Henri Jokiharju.
1:55 of 1st period - Wrist shot by Sam Gagner.
1:55 of 1st period - Stopped by Joonas Korpisalo with a rebound.
1:59 of 1st period - Slapshot by Morgan Frost.
1:59 of 1st period - Stopped by Joonas Korpisalo with a rebound.
2:01 of 1st period - Wrist shot by Sam Gagner.
2:01 of 1st period - Stopped by Joonas Korpisalo without a rebound.
2:02 of 1st period - Jesperi Kotkaniemi wins face-off versus Corey Perry in Vancouver Canucks zone.
2:47 of 1st period - Wrist shot by Mikko Rantanen.
2:47 of 1st period - Shot Misses the Net.
2:49 of 1st period - Snap shot by Aleksander Barkov.
2:49 of 1st period - Shot Misses the Net.
2:51 of 1st period - Wrist shot by Clayton Keller.
2:51 of 1st period - Stopped by Kevin Lankinen with a rebound.
2:53 of 1st period - Snap shot by Aleksander Barkov.
2:53 of 1st period - Stopped by Kevin Lankinen without a rebound.
2:54 of 1st period - Jesperi Kotkaniemi wins face-off versus Corey Perry in Nashville Predators zone.
2:59 of 1st period - Snap shot by Taylor Raddysh.
2:59 of 1st period - Stopped by Kevin Lankinen with a rebound.
3:31 of 1st period - Wrist shot by Clayton Keller.
3:31 of 1st period - Stopped by Kevin Lankinen without a rebound.
3:32 of 1st period - Noah Cates wins face-off versus Patrick Maroon in Nashville Predators zone.
3:53 of 1st period - Minor Penalty to Patrick Maroon for Hooking.
3:54 of 1st period - Aleksander Barkov wins face-off versus Ryan Carpenter in Nashville Predators zone.
4:08 of 1st period - Off-side.
4:09 of 1st period - Casey Mittelstadt wins face-off versus Morgan Frost in neutral zone.
4:39 of 1st period - Casey Mittelstadt is hit by Morgan Frost and loses puck.
4:57 of 1st period - Off-side.
4:58 of 1st period - Aleksander Barkov wins face-off versus Ryan Carpenter in neutral zone.
5:53 of 1st period - Penalty to Patrick Maroon is over, Patrick Maroon is back on ice.
6:56 of 1st period - Chad Ruhwedel is hit by Ryan Carpenter and loses puck.
7:05 of 1st period - Wrist shot by Taylor Raddysh.
7:05 of 1st period - Shot Blocked by Nate Schmidt.
8:08 of 1st period - Snap shot by Taylor Raddysh.
8:08 of 1st period - Stopped by Kevin Lankinen without a rebound.
8:09 of 1st period - Aleksander Barkov wins face-off versus Thomas Novak in Nashville Predators zone.
8:10 of 1st period - Wrist shot by Clayton Keller.
8:10 of 1st period - Shot Blocked by Markus Niemelainen.
8:20 of 1st period - Slapshot by Mikko Rantanen.
8:20 of 1st period - Stopped by Kevin Lankinen without a rebound.
8:21 of 1st period - Aleksander Barkov wins face-off versus Corey Perry in Nashville Predators zone.
8:31 of 1st period - Off-side.
8:32 of 1st period - Thomas Novak wins face-off versus Aleksander Barkov in neutral zone.
8:39 of 1st period - Wrist shot by Jacob Peterson.
8:39 of 1st period - Stopped by Joonas Korpisalo with a rebound.
9:52 of 1st period - Slapshot by Mikko Rantanen.
9:52 of 1st period - Deflect By Aleksander Barkov.
9:52 of 1st period - Stopped by Kevin Lankinen with a rebound.
10:14 of 1st period - Noah Hanifin is hit by Henri Jokiharju and loses puck.
10:33 of 1st period - Snap shot by Morgan Frost.
10:33 of 1st period - Shot Misses the Net.
10:35 of 1st period - Slapshot by Nate Schmidt.
10:35 of 1st period - Shot Misses the Net.
10:37 of 1st period - Slapshot by Morgan Frost.
10:37 of 1st period - Shot Misses the Net.
11:00 of 1st period - Adam Boqvist is hit by Jacob Peterson and loses puck.
11:23 of 1st period - Snap shot by Robby Fabbri.
11:23 of 1st period - Stopped by Kevin Lankinen without a rebound.
11:24 of 1st period - Morgan Frost wins face-off versus Robby Fabbri in Nashville Predators zone.
11:51 of 1st period - Alexander Alexeyev is hit by Jacob Bryson and loses puck.
11:58 of 1st period - Snap shot by Clayton Keller.
11:58 of 1st period - Shot Misses the Net.
12:00 of 1st period - Snap shot by Aleksander Barkov.
12:00 of 1st period - Stopped by Kevin Lankinen without a rebound.
12:01 of 1st period - Corey Perry wins face-off versus Robby Fabbri in Nashville Predators zone.
12:33 of 1st period - Snap shot by Jacob Peterson.
12:33 of 1st period - Shot Misses the Net.
12:35 of 1st period - Wrist shot by Thomas Novak.
12:35 of 1st period - Deflect By Jacob Peterson.
12:35 of 1st period - Stopped by Joonas Korpisalo without a rebound.
12:36 of 1st period - Thomas Novak wins face-off versus Robby Fabbri in Vancouver Canucks zone.
13:01 of 1st period - Slapshot by Aleksander Barkov.
13:01 of 1st period - Shot Blocked by Zemgus Girgensons.
13:03 of 1st period - Snap shot by Clayton Keller.
13:03 of 1st period - Stopped by Kevin Lankinen with a rebound.
13:05 of 1st period - Snap shot by Clayton Keller.
13:05 of 1st period - Shot Misses the Net.
13:29 of 1st period - Snap shot by Kevin Labanc.
13:29 of 1st period - Shot Hit the Post.
13:31 of 1st period - Slapshot by Sam Gagner.
13:31 of 1st period - Goal by Sam Gagner - Nashville Predators : 1 - Vancouver Canucks : 0.
13:32 of 1st period - Aleksander Barkov wins face-off versus Thomas Novak in neutral zone.
13:57 of 1st period - Zemgus Girgensons is hit by Kasperi Kapanen and loses puck.
14:04 of 1st period - Snap shot by Kasperi Kapanen.
14:04 of 1st period - Stopped by Kevin Lankinen with a rebound.
14:06 of 1st period - Slapshot by Miro Heiskanen.
14:06 of 1st period - Stopped by Kevin Lankinen with a rebound.
14:08 of 1st period - Snap shot by Artturi Lehkonen.
14:08 of 1st period - Shot Misses the Net.
14:10 of 1st period - Snap shot by Kasperi Kapanen.
14:10 of 1st period - Deflect By Artturi Lehkonen.
14:10 of 1st period - Shot Misses the Net.
14:10 of 1st period - Puck is out of play.
14:11 of 1st period - Jesperi Kotkaniemi wins face-off versus Morgan Frost in Nashville Predators zone.
14:16 of 1st period - Snap shot by Taylor Raddysh.
14:16 of 1st period - Deflect By Alexander Alexeyev.
14:16 of 1st period - Stopped by Kevin Lankinen without a rebound.
14:17 of 1st period - Jesperi Kotkaniemi wins face-off versus Morgan Frost in Nashville Predators zone.
14:18 of 1st period - Snap shot by Casey Mittelstadt.
14:18 of 1st period - Shot Misses the Net.
14:51 of 1st period - Wrist shot by Clayton Keller.
14:51 of 1st period - Stopped by Kevin Lankinen with a rebound.
14:53 of 1st period - Snap shot by Mikko Rantanen.
14:53 of 1st period - Stopped by Kevin Lankinen without a rebound.
14:54 of 1st period - Corey Perry wins face-off versus Robby Fabbri in Nashville Predators zone.
15:36 of 1st period - Minor Penalty to Sam Gagner for Tripping.
15:37 of 1st period - Aleksander Barkov wins face-off versus Ryan Carpenter in Nashville Predators zone.
16:09 of 1st period - Off-side.
16:10 of 1st period - Casey Mittelstadt wins face-off versus Ryan Carpenter in neutral zone.
17:25 of 1st period - Snap shot by Casey Mittelstadt.
17:25 of 1st period - Shot Misses the Net.
17:27 of 1st period - Wrist shot by Casey Mittelstadt.
17:27 of 1st period - Stopped by Kevin Lankinen with a rebound.
17:29 of 1st period - Snap shot by Kasperi Kapanen.
17:29 of 1st period - Shot Blocked by Nate Schmidt.
17:36 of 1st period - Penalty to Sam Gagner is over, Sam Gagner is back on ice.
17:37 of 1st period - Wrist shot by Casey Mittelstadt.
17:37 of 1st period - Shot Misses the Net.
17:49 of 1st period - Slapshot by Sam Gagner.
17:49 of 1st period - Shot Blocked by Chad Ruhwedel.
18:03 of 1st period - Chad Ruhwedel is hit by Morgan Frost and loses puck.
18:22 of 1st period - Wrist shot by Artturi Lehkonen.
18:22 of 1st period - Shot Misses the Net.
19:00 of 1st period - Snap shot by Casey Mittelstadt.
19:00 of 1st period - Stopped by Kevin Lankinen without a rebound.
19:01 of 1st period - Aleksander Barkov wins face-off versus Jakub Voracek in Nashville Predators zone.
19:14 of 1st period - Snap shot by Mikko Rantanen.
19:14 of 1st period - Stopped by Kevin Lankinen with a rebound.
19:14 of 1st period - Kevin Lankinen from Nashville Predators is injured at 19:14 of 1st period (Sore Left Knee).
19:14 of 1st period - Adin Hill enters game.
19:15 of 1st period - Thomas Novak wins face-off versus Aleksander Barkov in Nashville Predators zone.
19:15 of 1st period - Thomas Novak is hit by Mikko Rantanen.
19:42 of 1st period - Off-side.
19:43 of 1st period - Jesperi Kotkaniemi wins face-off versus Corey Perry in neutral zone.
Goals for this period are 1 for Nashville Predators vs 0 for Vancouver Canucks.
Shots for this period are 6 for Nashville Predators vs 18 for Vancouver Canucks.
2nd period
0:01 of 2nd period - Thomas Novak wins face-off versus Aleksander Barkov in neutral zone.
0:08 of 2nd period - Jacob Peterson is hit by Chad Ruhwedel and loses puck.
0:27 of 2nd period - Chad Ruhwedel is hit by Corey Perry and loses puck.
0:36 of 2nd period - Snap shot by Alex Newhook.
0:36 of 2nd period - Shot Misses the Net.
0:52 of 2nd period - Noah Cates is hit by Kevin Labanc and loses puck.
0:59 of 2nd period - Slapshot by Jacob Bryson.
0:59 of 2nd period - Shot Blocked by Justin Braun.
1:30 of 2nd period - Icing by Ryan Carpenter.
1:31 of 2nd period - Aleksander Barkov wins face-off versus Thomas Novak in Nashville Predators zone.
1:34 of 2nd period - Wrist shot by Clayton Keller.
1:34 of 2nd period - Shot Misses the Net.
2:16 of 2nd period - Morgan Frost is hit by Noah Cates and loses puck.
2:23 of 2nd period - Slapshot by Miro Heiskanen.
2:23 of 2nd period - Shot Misses the Net.
2:25 of 2nd period - Slapshot by Miro Heiskanen.
2:25 of 2nd period - Shot Misses the Net.
2:27 of 2nd period - Slapshot by Miro Heiskanen.
2:27 of 2nd period - Stopped by Adin Hill without a rebound.
2:28 of 2nd period - Aleksander Barkov wins face-off versus Thomas Novak in Nashville Predators zone.
3:14 of 2nd period - Sam Lafferty is hit by Ryan Carpenter.
3:39 of 2nd period - Slapshot by Morgan Frost.
3:39 of 2nd period - Deflect By Kevin Labanc.
3:39 of 2nd period - Shot Misses the Net.
3:39 of 2nd period - Puck is out of play.
3:40 of 2nd period - Thomas Novak wins face-off versus Robby Fabbri in Vancouver Canucks zone.
3:49 of 2nd period - Snap shot by Artturi Lehkonen.
3:49 of 2nd period - Stopped by Adin Hill with a rebound.
3:51 of 2nd period - Slapshot by Chad Ruhwedel.
3:51 of 2nd period - Stopped by Adin Hill with a rebound.
3:53 of 2nd period - Snap shot by Artturi Lehkonen.
3:53 of 2nd period - Stopped by Adin Hill with a rebound.
3:55 of 2nd period - Slapshot by Chad Ruhwedel.
3:55 of 2nd period - Shot Misses the Net.
3:57 of 2nd period - Slapshot by Chad Ruhwedel.
3:57 of 2nd period - Stopped by Adin Hill with a rebound.
3:59 of 2nd period - Wrist shot by Artturi Lehkonen.
3:59 of 2nd period - Stopped by Adin Hill without a rebound.
4:00 of 2nd period - Aleksander Barkov wins face-off versus Corey Perry in Nashville Predators zone.
4:01 of 2nd period - Snap shot by Mikko Rantanen.
4:01 of 2nd period - Stopped by Adin Hill without a rebound.
4:02 of 2nd period - Corey Perry wins face-off versus Aleksander Barkov in Nashville Predators zone.
4:11 of 2nd period - Wrist shot by Corey Perry.
4:11 of 2nd period - Shot Blocked by Miro Heiskanen.
4:13 of 2nd period - Wrist shot by Alex Newhook.
4:13 of 2nd period - Shot Misses the Net.
4:15 of 2nd period - Slapshot by Oliver Kylington.
4:15 of 2nd period - Shot Blocked by Aleksander Barkov.
4:17 of 2nd period - Snap shot by Alex Newhook.
4:17 of 2nd period - Deflect By Corey Perry.
4:17 of 2nd period - Deflect By Clayton Keller.
4:17 of 2nd period - Shot Misses the Net.
4:17 of 2nd period - Puck is out of play.
4:18 of 2nd period - Jesperi Kotkaniemi wins face-off versus Thomas Novak in Vancouver Canucks zone.
4:51 of 2nd period - Wrist shot by Mikko Rantanen.
4:51 of 2nd period - Stopped by Adin Hill with a rebound.
5:03 of 2nd period - Wrist shot by Ryan Carpenter.
5:03 of 2nd period - Stopped by Joonas Korpisalo with a rebound.
5:09 of 2nd period - Snap shot by Aleksander Barkov.
5:09 of 2nd period - Deflect By Oliver Kylington.
5:09 of 2nd period - Shot Blocked by Oliver Kylington.
5:09 of 2nd period - Puck is out of play.
5:10 of 2nd period - Robby Fabbri wins face-off versus Patrick Maroon in Nashville Predators zone.
5:25 of 2nd period - Slapshot by Kasperi Kapanen.
5:25 of 2nd period - Stopped by Adin Hill without a rebound.
5:26 of 2nd period - Thomas Novak wins face-off versus Taylor Raddysh in Nashville Predators zone.
5:34 of 2nd period - Wrist shot by Markus Niemelainen.
5:34 of 2nd period - Deflect By Jacob Peterson.
5:34 of 2nd period - Stopped by Joonas Korpisalo without a rebound.
5:35 of 2nd period - Casey Mittelstadt wins face-off versus Thomas Novak in Vancouver Canucks zone.
5:40 of 2nd period - Snap shot by Jacob Peterson.
5:40 of 2nd period - Deflect By Jakub Voracek.
5:40 of 2nd period - Shot Misses the Net.
5:40 of 2nd period - Puck is out of play.
5:41 of 2nd period - Thomas Novak wins face-off versus Noah Cates in Vancouver Canucks zone.
6:06 of 2nd period - Artturi Lehkonen is hit by Corey Perry and loses puck.
6:33 of 2nd period - Wrist shot by Mikko Rantanen.
6:33 of 2nd period - Shot Misses the Net.
6:35 of 2nd period - Snap shot by Aleksander Barkov.
6:35 of 2nd period - Shot Misses the Net.
7:36 of 2nd period - Snap shot by Jacob Peterson.
7:36 of 2nd period - Stopped by Joonas Korpisalo without a rebound.
7:37 of 2nd period - Mikko Rantanen wins face-off versus Corey Perry in Vancouver Canucks zone.
8:03 of 2nd period - Taylor Raddysh is hit by Kevin Labanc and loses puck.
8:46 of 2nd period - Jacob Bryson is hit by Patrick Maroon and loses puck.
8:51 of 2nd period - Wrist shot by Ryan Carpenter.
8:51 of 2nd period - Stopped by Joonas Korpisalo with a rebound.
8:53 of 2nd period - Snap shot by Ryan Carpenter.
8:53 of 2nd period - Stopped by Joonas Korpisalo without a rebound.
8:54 of 2nd period - Morgan Frost wins face-off versus Robby Fabbri in Vancouver Canucks zone.
8:59 of 2nd period - Wrist shot by Kevin Labanc.
8:59 of 2nd period - Shot Misses the Net.
9:01 of 2nd period - Snap shot by Morgan Frost.
9:01 of 2nd period - Stopped by Joonas Korpisalo with a rebound.
9:03 of 2nd period - Slapshot by Sam Gagner.
9:03 of 2nd period - Stopped by Joonas Korpisalo without a rebound.
9:04 of 2nd period - Sam Gagner wins face-off versus Kasperi Kapanen in Vancouver Canucks zone.
9:14 of 2nd period - Minor Penalty to Robby Fabbri for Roughing.
9:15 of 2nd period - Thomas Novak wins face-off versus Aleksander Barkov in Vancouver Canucks zone.
11:14 of 2nd period - Penalty to Robby Fabbri is over, Robby Fabbri is back on ice.
11:34 of 2nd period - Taylor Raddysh is hit by Ryan Carpenter and loses puck.
11:53 of 2nd period - Justin Braun is hit by Noah Cates and loses puck.
11:58 of 2nd period - Wrist shot by Noah Cates.
11:58 of 2nd period - Stopped by Adin Hill with a rebound.
12:09 of 2nd period - Off-side.
12:10 of 2nd period - Robby Fabbri wins face-off versus Patrick Maroon in neutral zone.
12:13 of 2nd period - Brett Leason is hit by Artturi Lehkonen and loses puck.
13:07 of 2nd period - Oliver Kylington is hit by Chad Ruhwedel and loses puck.
13:18 of 2nd period - Snap shot by Alex Newhook.
13:18 of 2nd period - Stopped by Joonas Korpisalo without a rebound.
13:19 of 2nd period - Jesperi Kotkaniemi wins face-off versus Corey Perry in Vancouver Canucks zone.
13:24 of 2nd period - Wrist shot by Casey Mittelstadt.
13:24 of 2nd period - Shot Misses the Net.
13:44 of 2nd period - Mikko Rantanen is hit by Jacob Peterson and loses puck.
13:49 of 2nd period - Wrist shot by Jakub Voracek.
13:49 of 2nd period - Stopped by Joonas Korpisalo with a rebound.
13:51 of 2nd period - Slapshot by Jacob Peterson.
13:51 of 2nd period - Shot Misses the Net.
13:53 of 2nd period - Wrist shot by Alexander Alexeyev.
13:53 of 2nd period - Shot Misses the Net.
13:55 of 2nd period - Snap shot by Alexander Alexeyev.
13:55 of 2nd period - Stopped by Joonas Korpisalo with a rebound.
14:09 of 2nd period - Wrist shot by Robby Fabbri.
14:09 of 2nd period - Deflect By Kevin Labanc.
14:09 of 2nd period - Shot Misses the Net.
14:09 of 2nd period - Puck is out of play.
14:10 of 2nd period - Morgan Frost wins face-off versus Robby Fabbri in Nashville Predators zone.
14:19 of 2nd period - Kevin Labanc is hit by Robby Fabbri and loses puck.
14:32 of 2nd period - Slapshot by Robby Fabbri.
14:32 of 2nd period - Shot Misses the Net.
14:54 of 2nd period - Slapshot by Morgan Frost.
14:54 of 2nd period - Stopped by Joonas Korpisalo with a rebound.
14:56 of 2nd period - Snap shot by Kevin Labanc.
14:56 of 2nd period - Goal by Kevin Labanc - Nashville Predators : 2 - Vancouver Canucks : 0.
14:57 of 2nd period - Thomas Novak wins face-off versus Aleksander Barkov in neutral zone.
15:46 of 2nd period - Snap shot by Robby Fabbri.
15:46 of 2nd period - Shot Misses the Net.
15:48 of 2nd period - Wrist shot by Robby Fabbri.
15:48 of 2nd period - Stopped by Adin Hill without a rebound.
15:49 of 2nd period - Thomas Novak wins face-off versus Robby Fabbri in Nashville Predators zone.
16:02 of 2nd period - Snap shot by Jacob Peterson.
16:02 of 2nd period - Deflect By Thomas Novak.
16:02 of 2nd period - Shot Misses the Net.
16:02 of 2nd period - Puck is out of play.
16:03 of 2nd period - Aleksander Barkov wins face-off versus Corey Perry in Vancouver Canucks zone.
16:03 of 2nd period - Aleksander Barkov is hit by Corey Perry.
16:28 of 2nd period - Robby Fabbri is hit by Henri Jokiharju.
16:32 of 2nd period - Backhand shot by Artturi Lehkonen.
16:32 of 2nd period - Deflect By Robby Fabbri.
16:32 of 2nd period - Stopped by Adin Hill with a rebound.
16:53 of 2nd period - Kevin Labanc is hit by Noah Cates.
16:57 of 2nd period - Slapshot by Justin Braun.
16:57 of 2nd period - Stopped by Joonas Korpisalo with a rebound.
17:13 of 2nd period - Wrist shot by Aleksander Barkov.
17:13 of 2nd period - Goal by Aleksander Barkov - Nashville Predators : 2 - Vancouver Canucks : 1.
17:14 of 2nd period - Thomas Novak wins face-off versus Aleksander Barkov in neutral zone.
17:17 of 2nd period - Wrist shot by Jacob Peterson.
17:17 of 2nd period - Stopped by Joonas Korpisalo without a rebound.
17:18 of 2nd period - Aleksander Barkov wins face-off versus Thomas Novak in Vancouver Canucks zone.
17:33 of 2nd period - Slapshot by Jakub Voracek.
17:33 of 2nd period - Stopped by Joonas Korpisalo with a rebound.
18:09 of 2nd period - Slapshot by Justin Braun.
18:09 of 2nd period - Stopped by Joonas Korpisalo with a rebound.
18:11 of 2nd period - Snap shot by Morgan Frost.
18:11 of 2nd period - Shot Misses the Net.
18:13 of 2nd period - Backhand shot by Kevin Labanc.
18:13 of 2nd period - Stopped by Joonas Korpisalo without a rebound.
18:14 of 2nd period - Aleksander Barkov wins face-off versus Jakub Voracek in Vancouver Canucks zone.
18:14 of 2nd period - Clayton Keller is hit by Jacob Peterson and loses puck.
18:23 of 2nd period - Slapshot by Jacob Bryson.
18:23 of 2nd period - Deflect By Aleksander Barkov.
18:23 of 2nd period - Stopped by Adin Hill with a rebound.
19:17 of 2nd period - Minor Penalty to Patrick Maroon for Hooking.
19:18 of 2nd period - Aleksander Barkov wins face-off versus Ryan Carpenter in Nashville Predators zone.
19:45 of 2nd period - Alex Newhook is hit by Kasperi Kapanen and loses puck.
Goals for this period are 1 for Nashville Predators vs 1 for Vancouver Canucks.
Shots for this period are 17 for Nashville Predators vs 14 for Vancouver Canucks.
3rd period
0:01 of 3rd period - Aleksander Barkov wins face-off versus Ryan Carpenter in neutral zone.
0:06 of 3rd period - Wrist shot by Aleksander Barkov.
0:06 of 3rd period - Stopped by Adin Hill with a rebound.
0:08 of 3rd period - Backhand shot by Clayton Keller.
0:08 of 3rd period - Deflect By Mikko Rantanen.
0:08 of 3rd period - Stopped by Adin Hill with a rebound.
0:10 of 3rd period - Slapshot by Noah Hanifin.
0:10 of 3rd period - Deflect By Nate Schmidt.
0:10 of 3rd period - Goal by Noah Hanifin - Nashville Predators : 2 - Vancouver Canucks : 2.
0:11 of 3rd period - Aleksander Barkov wins face-off versus Thomas Novak in neutral zone.
0:14 of 3rd period - Snap shot by Mikko Rantanen.
0:14 of 3rd period - Deflect By Aleksander Barkov.
0:14 of 3rd period - Shot Misses the Net.
0:14 of 3rd period - Puck is out of play.
0:15 of 3rd period - Aleksander Barkov wins face-off versus Thomas Novak in Nashville Predators zone.
0:42 of 3rd period - Wrist shot by Kasperi Kapanen.
0:42 of 3rd period - Stopped by Adin Hill without a rebound.
0:43 of 3rd period - Alex Newhook wins face-off versus Robby Fabbri in Nashville Predators zone.
0:48 of 3rd period - Slapshot by Alex Newhook.
0:48 of 3rd period - Deflect By Corey Perry.
0:48 of 3rd period - Shot Blocked by Robby Fabbri.
0:48 of 3rd period - Puck is out of play.
0:49 of 3rd period - Aleksander Barkov wins face-off versus Morgan Frost in Vancouver Canucks zone.
0:56 of 3rd period - Snap shot by Mikko Rantanen.
0:56 of 3rd period - Shot Misses the Net.
1:01 of 3rd period - Off-side.
1:02 of 3rd period - Corey Perry wins face-off versus Aleksander Barkov in neutral zone.
1:16 of 3rd period - Off-side.
1:17 of 3rd period - Thomas Novak wins face-off versus Robby Fabbri in neutral zone.
1:33 of 3rd period - Wrist shot by Artturi Lehkonen.
1:33 of 3rd period - Stopped by Adin Hill without a rebound.
1:34 of 3rd period - Aleksander Barkov wins face-off versus Morgan Frost in Nashville Predators zone.
2:26 of 3rd period - Slapshot by Miro Heiskanen.
2:26 of 3rd period - Shot Misses the Net.
3:19 of 3rd period - Slapshot by Nate Schmidt.
3:19 of 3rd period - Stopped by Joonas Korpisalo with a rebound.
3:40 of 3rd period - Sam Lafferty is hit by Kevin Labanc and loses puck.
3:59 of 3rd period - Aleksander Barkov is hit by Markus Niemelainen and loses puck.
4:22 of 3rd period - Slapshot by Casey Mittelstadt.
4:22 of 3rd period - Shot Misses the Net.
5:02 of 3rd period - Jakub Voracek is hit by Jesperi Kotkaniemi and loses puck.
5:14 of 3rd period - Icing by Thomas Novak.
5:15 of 3rd period - Robby Fabbri wins face-off versus Corey Perry in Nashville Predators zone.
5:30 of 3rd period - Snap shot by Corey Perry.
5:30 of 3rd period - Stopped by Joonas Korpisalo without a rebound.
5:31 of 3rd period - Aleksander Barkov wins face-off versus Morgan Frost in Vancouver Canucks zone.
5:31 of 3rd period - Aleksander Barkov is hit by Morgan Frost.
7:03 of 3rd period - Minor Penalty to Mikko Rantanen for Boarding.
7:04 of 3rd period - Morgan Frost wins face-off versus Clayton Keller in Vancouver Canucks zone.
7:04 of 3rd period - Snap shot by Alex Newhook.
7:04 of 3rd period - Shot Blocked by Chad Ruhwedel.
7:06 of 3rd period - Snap shot by Morgan Frost.
7:06 of 3rd period - Deflect By Sam Gagner.
7:06 of 3rd period - Goal by Sam Gagner - Nashville Predators : 3 - Vancouver Canucks : 2.
7:07 of 3rd period - Morgan Frost wins face-off versus Aleksander Barkov in neutral zone.
7:57 of 3rd period - Corey Perry is hit by Casey Mittelstadt and loses puck.
8:35 of 3rd period - Wrist shot by Corey Perry.
8:35 of 3rd period - Stopped by Joonas Korpisalo with a rebound.
8:37 of 3rd period - Slapshot by Justin Braun.
8:37 of 3rd period - Stopped by Joonas Korpisalo with a rebound.
8:39 of 3rd period - Snap shot by Justin Braun.
8:39 of 3rd period - Stopped by Joonas Korpisalo with a rebound.
8:43 of 3rd period - Snap shot by Zemgus Girgensons.
8:43 of 3rd period - Shot Blocked by Aleksander Barkov.
8:45 of 3rd period - Wrist shot by Zemgus Girgensons.
8:45 of 3rd period - Shot Misses the Net.
8:47 of 3rd period - Wrist shot by Zemgus Girgensons.
8:47 of 3rd period - Shot Misses the Net.
8:49 of 3rd period - Snap shot by Zemgus Girgensons.
8:49 of 3rd period - Stopped by Joonas Korpisalo with a rebound.
8:51 of 3rd period - Slapshot by Alexander Alexeyev.
8:51 of 3rd period - Shot Blocked by Justin Schultz.
8:53 of 3rd period - Wrist shot by Henri Jokiharju.
8:53 of 3rd period - Deflect By Corey Perry.
8:53 of 3rd period - Shot Misses the Net.
8:53 of 3rd period - Puck is out of play.
8:54 of 3rd period - Robby Fabbri wins face-off versus Thomas Novak in Vancouver Canucks zone.
9:32 of 3rd period - Icing by Jakub Voracek.
9:33 of 3rd period - Jesperi Kotkaniemi wins face-off versus Thomas Novak in Nashville Predators zone.
10:09 of 3rd period - Off-side.
10:10 of 3rd period - Aleksander Barkov wins face-off versus Corey Perry in neutral zone.
10:21 of 3rd period - Wrist shot by Aleksander Barkov.
10:21 of 3rd period - Shot Misses the Net.
10:23 of 3rd period - Wrist shot by Aleksander Barkov.
10:23 of 3rd period - Shot Misses the Net.
10:41 of 3rd period - Snap shot by Kasperi Kapanen.
10:41 of 3rd period - Shot Blocked by Nate Schmidt.
10:43 of 3rd period - Backhand shot by Kasperi Kapanen.
10:43 of 3rd period - Shot Misses the Net.
10:45 of 3rd period - Wrist shot by Robby Fabbri.
10:45 of 3rd period - Stopped by Adin Hill without a rebound.
10:46 of 3rd period - Kevin Labanc wins face-off versus Taylor Raddysh in Nashville Predators zone.
11:01 of 3rd period - Snap shot by Jesperi Kotkaniemi.
11:01 of 3rd period - Deflect By Casey Mittelstadt.
11:01 of 3rd period - Stopped by Adin Hill with a rebound.
11:42 of 3rd period - Minor Penalty to Brett Leason for Hooking.
11:43 of 3rd period - Casey Mittelstadt wins face-off versus Morgan Frost in Nashville Predators zone.
12:09 of 3rd period - Jacob Peterson is hit by Mikko Rantanen and loses puck.
13:37 of 3rd period - Henri Jokiharju is hit by Noah Hanifin and loses puck.
13:42 of 3rd period - Penalty to Brett Leason is over, Brett Leason is back on ice.
14:18 of 3rd period - Taylor Raddysh is hit by Henri Jokiharju and loses puck.
15:00 of 3rd period - Wrist shot by Ryan Carpenter.
15:00 of 3rd period - Shot Blocked by Casey Mittelstadt.
15:16 of 3rd period - Kevin Labanc is hit by Robby Fabbri and loses puck.
16:22 of 3rd period - Icing by Jacob Bryson.
16:23 of 3rd period - Thomas Novak wins face-off versus Clayton Keller in Vancouver Canucks zone.
16:24 of 3rd period - Backhand shot by Jakub Voracek.
16:24 of 3rd period - Goal by Jakub Voracek - Nashville Predators : 4 - Vancouver Canucks : 2.
16:25 of 3rd period - Jesperi Kotkaniemi wins face-off versus Alex Newhook in neutral zone.
16:40 of 3rd period - Snap shot by Taylor Raddysh.
16:40 of 3rd period - Shot Misses the Net.
16:50 of 3rd period - Alex Newhook is hit by Mikko Rantanen and loses puck.
17:19 of 3rd period - Snap shot by Corey Perry.
17:19 of 3rd period - Shot Misses the Net.
17:39 of 3rd period - Wrist shot by Corey Perry.
17:39 of 3rd period - Stopped by Joonas Korpisalo with a rebound.
17:45 of 3rd period - Snap shot by Alex Newhook.
17:45 of 3rd period - Shot Blocked by Aleksander Barkov.
17:53 of 3rd period - Slapshot by Alex Newhook.
17:53 of 3rd period - Stopped by Joonas Korpisalo without a rebound.
17:54 of 3rd period - Jesperi Kotkaniemi wins face-off versus Patrick Maroon in Vancouver Canucks zone.
18:05 of 3rd period - Taylor Raddysh is hit by Patrick Maroon and loses puck.
18:24 of 3rd period - Wrist shot by Jesperi Kotkaniemi.
18:24 of 3rd period - Stopped by Adin Hill without a rebound.
18:25 of 3rd period - Morgan Frost wins face-off versus Anton Lundell in Nashville Predators zone.
18:27 of 3rd period - Minor Penalty to Henri Jokiharju for Slashing.
18:28 of 3rd period - Aleksander Barkov wins face-off versus Ryan Carpenter in Nashville Predators zone.
18:34 of 3rd period - Wrist shot by Mikko Rantanen.
18:34 of 3rd period - Shot Blocked by Nate Schmidt.
18:36 of 3rd period - Slapshot by Jacob Bryson.
18:36 of 3rd period - Stopped by Adin Hill without a rebound.
18:37 of 3rd period - Ryan Carpenter wins face-off versus Aleksander Barkov in Nashville Predators zone.
19:00 of 3rd period - Snap shot by Aleksander Barkov.
19:00 of 3rd period - Stopped by Adin Hill with a rebound.
19:02 of 3rd period - Wrist shot by Chad Ruhwedel.
19:02 of 3rd period - Stopped by Adin Hill with a rebound.
19:17 of 3rd period - Minor Penalty to Morgan Frost for Tripping.
19:18 of 3rd period - Ryan Carpenter wins face-off versus Casey Mittelstadt in Nashville Predators zone.
Goals for this period are 2 for Nashville Predators vs 1 for Vancouver Canucks.
Shots for this period are 10 for Nashville Predators vs 11 for Vancouver Canucks.
Back to the Top